 Dungeon Crawl Stone Soup version 0.24.0-123-gd5b16e6ec5 (webtiles) character file.

Game seed: 16028283092359023483, levelgen mode: deterministic

26315 Emblim88 the Grappler (level 12, -11/115 HPs)
             Began as a Troll Transmuter on Jan 3, 2020.
             Was the Champion of Qazlal.
             Mangled by a phantasmal warrior (21 damage)
             ... led by a death knight
             ... on level 13 of the Dungeon.
             The game lasted 00:50:32 (12201 turns).

Emblim88 the Grappler (Troll Transmuter)           Turns: 12201, Time: 00:50:33

Health: -11/115    AC:  9    Str: 29    XL:     12   Next: 97%
Magic:  0/27       EV: 12    Int: 13    God:    Qazlal [******]
Gold:   266        SH:  8    Dex: 10    Spells: 15/21 levels left

rFire    + . .     SeeInvis .     - Unarmed
rCold    + + .     Gourm    +   (no shield)
rNeg     . . .     Faith    .   L - +2 robe {rC+ rF+}
rPois    .         Spirit   +   (helmet restricted)
rElec    .         Reflect  .   t - +0 cloak
rCorr    .         Harm     .   (gloves unavailable)
MR       .....                  (boots unavailable)
Stlth    +.........             j - amulet of guardian spirit
HPRegen  0.69/turn              F - +4 ring of strength
MPRegen  0.20/turn              y - ring "Lataevvi" {MR+ MP+9 Str+4 Stlth+}

@: about to teleport, vulnerable, protected from cold, slowed, repel missiles,
very slow
A: large, unfitting armour, claws 3, fast metabolism 3, gourmand, regeneration
1, shaggy fur 1, tough skin 3
a: Upheaval, Elemental Force, Disaster Area, Renounce Religion


You were on level 13 of the Dungeon.
You worshipped Qazlal.
Qazlal was exalted by your worship.
You were completely stuffed.

You visited 1 branch of the dungeon, and saw 13 of its levels.

You collected 658 gold pieces.
You spent 392 gold pieces at shops.

Inventory:

Missiles
 a - 8 stones (quivered)
 B - a throwing net
 R - 7 curare-tipped darts
 Y - 11 poisoned darts
Armour
 t - a +0 cloak (worn)
 L - a +2 robe of resistance (worn)
 X - +2 ice dragon scales
Jewellery
 j - an amulet of guardian spirit (around neck)
 y - the ring "Lataevvi" (right claw) {MR+ MP+9 Str+4 Stlth+}
   (You bought it in a shop on level 4 of the Dungeon)

   [ring of magical power]

   It affects your strength (+4).
   It affects your resistance to hostile enchantments.
   It affects your magic capacity (+9).
   It makes you more stealthy.
 F - a +4 ring of strength (left claw)
 G - an uncursed ring of poison resistance
Wands
 e - a wand of paralysis (5)
 w - a wand of polymorph (36)
 D - a wand of disintegration (25)
 E - a wand of iceblast (7)
 P - a wand of clouds (1)
 T - a wand of flame (18)
Scrolls
 i - a scroll of noise {unknown}
 l - 3 scrolls of amnesia
 m - a scroll of immolation
 o - 3 scrolls of remove curse
 p - 2 scrolls of enchant weapon
 q - 2 scrolls of magic mapping
 s - 5 scrolls of teleportation
 u - a scroll of fear {unknown}
 I - 3 scrolls of fog
 K - 2 scrolls of brand weapon
 V - a scroll of vulnerability {unknown}
Potions
 b - a potion of lignification
 c - a potion of magic
 g - 2 potions of cancellation
 h - 7 potions of curing
 k - 3 potions of brilliance
 r - 2 potions of degeneration
 v - 3 potions of haste
 C - a potion of invisibility {unknown}
 M - a potion of resistance {unknown}
 O - 2 potions of mutation {unknown}
Miscellaneous
 n - a crystal ball of energy
 S - a phial of floods
 U - a phantom mirror
Comestibles
 d - 17 rations
 f - 6 chunks of flesh


   Skills:
 + Level 6.5 Fighting
 + Level 6.7 Dodging
 * Level 11.5 Unarmed Combat
 + Level 5.2 Spellcasting
 + Level 3.4 Necromancy
 * Level 7.0 Transmutations
 + Level 6.0 Invocations
 + Level 4.8 Evocations


You had 15 spell levels left.
You knew the following spells:

 Your Spells              Type           Power        Failure   Level  Hunger
a - Beastly Appendage     Tmut           ###...       1%          1    None
b - Spider Form           Tmut/Pois      ##........   13%         3    ###....
c - Corpse Rot            Necr           N/A          7%          2    ##.....

Your spell library contained the following spells:

 Spells                   Type           Power        Failure   Level  Hunger
 Sticks to Snakes         Tmut           ###.....     1%          2    ##.....
 Animate Skeleton         Necr           N/A          4%          1    None
 Sublimation of Blood     Necr           ##........   7%          2    ##.....
 Apportation              Tloc           #.....       19%         1    None
 Confusing Touch          Hex            #.....       19%         1    None
 Freeze                   Ice            #...         19%         1    None
 Summon Small Mammal      Summ           #...         19%         1    None
 Throw Frost              Conj/Ice       #.....       28%         2    ##.....
 Blade Hands              Tmut           ###.......   28%         5    ######.
 Ice Form                 Ice/Tmut       ##......     41%         4    ####...
 Ozocubu's Armour         Chrm/Ice       #.......     50%         3    ###....
 Agony                    Necr           ##......     77%         5    ######.
 Dispel Undead            Necr           ##......     77%         5    ######.
 Summon Ice Beast         Ice/Summ       #.......     88%         4    ####...
 Throw Icicle             Conj/Ice       #.......     88%         4    ####...
 Bolt of Draining         Conj/Necr      #.........   94%         5    ######.
 Excruciating Wounds      Chrm/Necr      #.........   94%         5    ######.
 Metabolic Englaciation   Hex/Ice        #.........   99%         5    ######.
 Bolt of Cold             Conj/Ice       #.........   100%        6    #######
 Freezing Cloud           Conj/Ice/Air   #.........   100%        6    #######
 Ozocubu's Refrigeration  Ice            #.........   100%        6    #######
 Simulacrum               Ice/Necr       #.........   100%        6    #######


Dungeon Overview and Level Annotations

Branches:
Dungeon (13/15)            Temple (0/1) D:5            Lair (0/6) D:9
    Orc (0/2) D:10
 Vaults: D:13-14

Altars:
Cheibriados
Dithmenos
Hepliaklqana
Kikubaaqudgha
Okawaru
Qazlal
Uskayaw
Vehumet
The Shining One

Shops:
D:4 *   D:12 *   D:13 %


Innate Abilities, Weirdness & Mutations

You are too large for most types of armour.
You have claws for hands.
Your metabolism is lightning-fast.
You like to eat raw meat.
Your natural rate of healing is unusually fast.
You are covered in fur. (AC +1)
You have extremely tough skin. (AC +3)


Message History

The freezing wraith hits you! The freezing wraith freezes you! You resist.
You feel protected from cold.
The freezing wraith hits you but does no damage.
You block the phantasmal warrior's attack.
The wraith hits you!
You scratch the phantasmal warrior but do no damage.
The phantasmal warrior hits you!!
* * * LOW HITPOINT WARNING * * *
Your magical defenses are stripped away!
The wraith barely misses you.
The death knight hits you with a +0 great mace!!
* * * LOW HITPOINT WARNING * * *
Okay, then.
Okay, then.
Okay, then.
Okay, then.
Okay, then.
As you read the scroll of teleportation, it crumbles to dust.
You feel strangely unstable. The phantasmal warrior hits you!!
You die...

#..........#
#########..........#
#.......'..........#
..#######..........#
### #..(.......#
#...c....W.#
#########W## #pW#
###@## #.W.# *
######○### *
#........# *
#........# ******
#........#
,,,,,####..((....#
****,....<.......# *
**####...()...#


You could see a death knight, a phantasmal warrior, 2 freezing wraiths and a
wraith.

Vanquished Creatures
  Harold (D:8)
  An ice dragon (D:11)
  Fannar (D:12)
  2 catoblepae (D:13)
  Erica (D:7)
  A two-headed ogre (D:11)
  3 centaur warriors (D:13)
  Nergalle (D:11)
  4 skeletal warriors
  A manticore (D:11)
  4 ugly things
  Joseph (D:8)
  A rime drake (D:11)
  A troll (D:13)
  2 hornets
  A meliai zombie (D:13)
  5 hippogriffs
  A vampire (D:12)
  18 yaks
  A wraith (D:12)
  2 wyverns
  Edmund (D:5)
  2 soldier ants (D:12)
  Duvessa (D:4)
  12 ice beasts
  3 black bears
  4 orc warriors
  A necrophage (D:10)
  4 sky beasts
  2 phantoms
  8 ogres
  6 centaurs
  6 crocodiles
  10 bullfrogs
  A wyvern zombie (D:11)
  Dowan (D:4)
  A wyvern skeleton (D:13)
  5 scorpions
  27 killer bees
  9 wights
  A howler monkey (D:5)
  A crimson imp (D:9)
  3 bullfrog zombies
  2 quasits
  2 centaur zombies
  2 centaur skeletons (D:4)
  6 orc priests
  7 hounds
  4 jellies
  19 orc wizards
  6 bullfrog skeletons
  2 iguanas
  6 worker ants
  3 hound zombies (D:6)
  A hound skeleton (D:7)
  A worker ant zombie (D:11)
  3 gnolls (D:7)
  A howler monkey skeleton (D:4)
  11 adders
  3 shadow imps
  2 oozes
  2 adder zombies (D:9)
  5 worms
  An adder skeleton (D:4)
  6 dart slugs
  3 leopard geckos
  49 orcs
  7 giant cockroaches
  4 goblins
  10 hobgoblins
  17 jackals
  10 kobolds
  5 quokkas
  2 ball pythons (D:2)
  5 bats
  2 frilled lizards
  A quokka skeleton (D:8)
  31 rats
403 creatures vanquished.

Vanquished Creatures (collateral kills)
  A polar bear (D:11)
  An ice beast (D:11)
2 creatures vanquished.

Vanquished Creatures (others)
  A vampire (D:13)
  9 fungi (D:9)
  2 plants (D:9)
12 creatures vanquished.

Grand Total: 417 creatures vanquished

Notes
Turn   | Place    | Note
-------+----------+-------------------------------------------
     0 | D:1      | Emblim88 the Troll Transmuter began the quest for the Orb.
     0 | D:1      | Reached XP level 1. HP: 18/18 MP: 1/1
    56 | D:1      | Found a snail-covered altar of Cheibriados.
   163 | D:1      | Reached XP level 2. HP: 26/26 MP: 2/2
   165 | D:1      | Reached skill level 1 in Fighting
   724 | D:2      | Reached XP level 3. HP: 31/33 MP: 4/4
   775 | D:2      | Found a stormy altar of Qazlal.
   815 | D:2      | Became a worshipper of Qazlal Stormbringer
   826 | D:2      | Found a glowing golden altar of the Shining One.
  1019 | D:2      | Reached XP level 4. HP: 41/41 MP: 5/5
  1197 | D:2      | Found an iron altar of Okawaru.
  1438 | D:3      | Found an ancient bone altar of Kikubaaqudgha.
  1474 | D:3      | Learned a level 3 spell: Spider Form
  1600 | D:3      | Reached * piety under Qazlal
  1632 | D:3      | Reached skill level 4 in Unarmed Combat
  1636 | D:3      | Reached XP level 5. HP: 49/49 MP: 1/6
  1999 | D:3      | Reached ** piety under Qazlal
  2152 | D:4      | Noticed an ogre
  2157 | D:4      | Killed an ogre
  2157 | D:4      | Reached XP level 6. HP: 51/57 MP: 5/8
  2177 | D:4      | Noticed Dowan
  2181 | D:4      | Noticed Duvessa
  2195 | D:4      | Killed Duvessa
  2199 | D:4      | Killed Dowan
  2228 | D:4      | Reached skill level 5 in Unarmed Combat
  2239 | D:4      | Reached XP level 7. HP: 62/66 MP: 9/9
  2662 | D:4      | You fall into a shaft and drop 2 floors!
  2695 | D:6      | Reached *** piety under Qazlal
  2727 | D:5      | Entered Level 5 of the Dungeon
  2767 | D:5      | Reached skill level 6 in Unarmed Combat
  2767 | D:5      | Reached XP level 8. HP: 75/75 MP: 10/10
  2912 | D:5      | Noticed Edmund
  2932 | D:5      | Killed Edmund
  3201 | D:4      | Found Litobb's Assorted Antiques.
  3209 | D:4      | Bought a clouded gossamer ring for 145 gold pieces
  3210 | D:4      | Identified the ring "Lataevvi" {MR+ MP+9 Str+4 Stlth+} (You
                  | bought it in a shop on level 4 of the Dungeon)
  3227 | D:4      | Found a hazy altar of Hepliaklqana.
  3229 | D:4      | Found a hide-covered altar of Uskayaw.
  3367 | D:4      | Found a shadowy altar of Dithmenos.
  3367 | D:4      | Found a radiant altar of Vehumet.
  3790 | D:5      | Found a staircase to the Ecumenical Temple.
  4012 | D:6      | Reached skill level 1 in Invocations
  4018 | D:6      | Reached skill level 7 in Unarmed Combat
  4059 | D:6      | Reached **** piety under Qazlal
  4072 | D:6      | Reached skill level 1 in Evocations
  5050 | D:7      | Reached XP level 9. HP: 84/84 MP: 12/12
  5204 | D:7      | Got a jewelled falchion
  5368 | D:7      | Reached skill level 8 in Unarmed Combat
  5648 | D:7      | You fall into a shaft and drop 1 floor!
  5648 | D:8      | Noticed Erica
  5678 | D:7      | Killed Erica
  6534 | D:7      | Identified the cursed +0 falchion of Giejasuxt {slice,
                  | rPois MR+} (You found it on level 7 of the Dungeon)
  6588 | D:8      | Reached XP level 10. HP: 93/94 MP: 14/14
  6603 | D:8      | Reached ***** piety under Qazlal
  6834 | D:8      | Noticed Joseph
  6858 | D:8      | Noticed Harold
  6949 | D:8      | Killed Joseph
  7009 | D:8      | Killed Harold
  7009 | D:8      | Reached skill level 5 in Dodging
  7009 | D:8      | Reached skill level 9 in Unarmed Combat
  7528 | D:9      | Reached skill level 5 in Fighting
  7693 | D:9      | Reached skill level 5 in Transmutations
  7741 | D:9      | Reached XP level 11. HP: 95/104 MP: 16/16
  7855 | D:9      | Found a staircase to the Lair.
  8239 | D:10     | Entered Level 10 of the Dungeon
  8299 | D:10     | You fall into a shaft and drop 3 floors!
  8336 | D:12     | Noticed a skeletal warrior
  8438 | D:11     | Noticed a two-headed ogre
  8448 | D:11     | Killed a two-headed ogre
  8448 | D:11     | Reached skill level 10 in Unarmed Combat
  8589 | D:10     | Learned a level 2 spell: Corpse Rot
  8931 | D:10     | Found a staircase to the Orcish Mines.
  9709 | D:11     | Noticed a brown ugly thing
  9712 | D:11     | Noticed an ice dragon
  9716 | D:11     | Killed a brown ugly thing
  9716 | D:11     | Reached skill level 1 in Necromancy
 10069 | D:11     | Noticed Nergalle
 10090 | D:11     | Killed Nergalle
 10090 | D:11     | Reached skill level 5 in Invocations
 10359 | D:11     | Killed an ice dragon
 10457 | D:11     | Identified the +8 battleaxe "Goblinbane" {freeze, Int+4
                  | SInv}
 10731 | D:12     | Noticed a skeletal warrior
 10736 | D:12     | Noticed a skeletal warrior
 10749 | D:11     | Killed a skeletal warrior
 10822 | D:12     | Noticed a red ugly thing
 10825 | D:12     | Killed a red ugly thing
 10825 | D:12     | Reached XP level 12. HP: 106/113 MP: 18/18
 10827 | D:12     | Noticed Fannar
 10859 | D:12     | Killed Fannar
 11121 | D:11     | Reached skill level 11 in Unarmed Combat
 11576 | D:12     | Found a stormy altar of Qazlal.
 11601 | D:12     | Found Kyvinluo's Assorted Antiques.
 11604 | D:12     | Bought a scroll of teleportation for 78 gold pieces
 11604 | D:12     | Bought a potion of curing for 78 gold pieces
 11604 | D:12     | Bought a scroll of magic mapping for 91 gold pieces
 11729 | D:12     | Reached skill level 5 in Spellcasting
 11736 | D:12     | Reached ****** piety under Qazlal
 11806 | D:13     | Noticed a centaur warrior
 11815 | D:13     | Killed a centaur warrior
 11928 | D:13     | Noticed a centaur warrior
 11945 | D:13     | Noticed a centaur warrior
 11959 | D:13     | Found Fapyco's Food Shop.
 11966 | D:13     | Killed a centaur warrior
 11979 | D:13     | Killed a centaur warrior
 12002 | D:13     | Noticed a catoblepas
 12021 | D:13     | Killed a catoblepas
 12190 | D:13     | Noticed a catoblepas
 12197 | D:13     | Killed a catoblepas
 12198 | D:13     | Noticed a death knight
 12201 | D:13     | Mangled by a phantasmal warrior

Levels and vault maps discovered:
D:1:      dpeg_cavernosity, layout_rooms, cheibriados_altar_1
D:2:      layout_basic, grunt_qazlal_clouds, lemuel_doored_altar,
          lemuel_crystal_altar, first_ration, minmay_indecisive_spiral
D:3:      layout_basic, old_standard_altar, minmay_rat_hole
D:4:      layout_basic, minitemple, gammafunk_temple_overflow_elements,
          serial_shops, shop, uniq_duvessa
D:5:      layout_gridville, minmay_temple_entry_poolview, uniq_edmund
D:6:      layout_rooms, kennysheep_generic_room_3
D:7:      layout_layer_cave
D:8:      layout_cave_pods, uniq_erica, uniq_joseph, uniq_harold
D:9:      layout_loops_cross, grunt_lair_entry_orc_guard_hut
D:10:     layout_stronghold, orc_0_dummy
D:11:     minmay_coctagon, layout_basic, serial_co_window_serial,
          co_window_paths_a, co_window_paths_a, co_window_of_opportunity_a,
          co_window_paths_a, co_window_of_opportunity_a, co_window_2corner,
          co_window_cross_3, co_window_2corner, co_window_broadway_b,
          co_window_paths_d, glass_columns_a, glass_columns_c, glass_columns_b,
          glass_columns_a, uniq_nergalle
D:12:     layout_irregular_city, portal_ice_cave_entry_ice_beasts, serial_shops,
          nicolae_shop_behind_doors, basic_altar, hangedman_pestilent_swarm,
          uniq_fannar
D:13:     layout_roguey, gauntlet_entry_generic, serial_shops, kennysheep_mini

Skill      XL: |  1  2  3  4  5  6  7  8  9 10 11 12 |
---------------+-------------------------------------+-----
Fighting       | 1 2 3 4 5 6 |  6.5
Dodging        | 2 3 4 5 6 |  6.7
Transmutations | 2 3 4 5 6 7 |  7.0
Unarmed Combat | 4 5 6 7 8 9 10 11 | 11.5
Spellcasting   | 2 3 4 5 |  5.2
Invocations    | 1 3 4 5 6 |  6.0
Evocations     | 1 2 3 4 |  4.8
Necromancy     | 2 3 |  3.4

Action                   |  1- 3 |  4- 6 |  7- 9 | 10-12 || total
-------------------------+-------+-------+-------+-------++-------
Melee: Unarmed           |   106 |   186 |   329 |   689 ||  1310
       Punch             |     1 |       |    12 |    38 ||    51
       Kick              |       |     3 |     2 |    15 ||    20
       Headbutt          |       |     1 |     8 |     8 ||    17
Throw: Stone             |       |       |       |     2 ||     2
 Cast: Beastly Appendage |       |     3 |     5 |     7 ||    15
       Spider Form       |       |       |     2 |     4 ||     6
Invok: Elemental Force   |       |       |       |     1 ||     1
Evoke: Wand              |       |       |       |     8 ||     8
  Use: Potion            |     1 |       |     5 |     8 ||    14
       Scroll            |       |       |    10 |    13 ||    23
 Stab: Confused          |       |       |       |     4 ||     4
       Petrified         |       |       |       |     2 ||     2
  Eat: Chunk             |    13 |    13 |    26 |    53 ||   105
       Ration            |       |       |     2 |     2 ||     4
Armor: Robe              |    36 |    74 |    67 |   116 ||   293
       Skin              |       |       |     1 |       ||     1
       Ice dragon scales |       |       |       |    51 ||    51
Dodge: Dodged            |    36 |   103 |   138 |   296 ||   573
       Deflected         |       |       |     4 |    13 ||    17
Block: Other             |       |     5 |    53 |   216 ||   274
       Shield            |       |       |     7 |       ||     7
